 Dungeon Crawl Stone Soup version 0.21.1-1-g345015f (webtiles) character file.

130 Kagorn the Cutter (level 5, -4/42 HPs)
             Began as a Human Berserker on June 10, 2018.
             Was a Believer of Trog.
             Slain by a hippogriff (6 damage)
             ... on level 3 of the Dungeon.
             The game lasted 00:11:03 (2274 turns).

Kagorn the Cutter (Human Berserker)                 Turns: 2274, Time: 00:11:04

Health: -4/42      AC:  3    Str: 18    XL:     5   Next: 36%
Magic:  5/5        EV: 12    Int:  7    God:    Trog [**....]
Gold:   139        SH:  0    Dex: 13    Spells: 4/4 levels left

rFire    . . .     SeeInvis .   g - +0 dagger (venom)
rCold    . . .     Gourm    .   (no shield)
rNeg     . . .     Faith    .   f - +0 leather armour
rPois    .         Spirit   .   (no helmet)
rElec    .         Reflect  .   (no cloak)
rCorr    .         Harm     .   (no gloves)
MR       .....                  (no boots)
Stlth    +.........             (no amulet)
HPRegen  0.14/turn              (no ring)
MPRegen  0.09/turn              (no ring)

@: no status effects
A: no striking features
a: Berserk, Trog's Hand, Burn Spellbooks, Renounce Religion


You were on level 3 of the Dungeon.
You worshipped Trog.
Trog was pleased with you.
You were not hungry.

You visited 1 branch of the dungeon, and saw 3 of its levels.

You collected 139 gold pieces.

Inventory:

Hand Weapons
 a - a +0 short sword
 g - a +0 dagger of venom (weapon)
 i - a -2 dagger
Armour
 f - a +0 leather armour (worn)
Scrolls
 b - 4 scrolls of magic mapping
 d - 5 scrolls of identify
 h - a scroll of amnesia {unknown}
 m - a scroll of remove curse
 n - a scroll of immolation {unknown}
Potions
 e - a potion of flight
 j - 2 potions of curing
 k - a potion of agility {unknown}
 l - a potion of heal wounds {unknown}
Comestibles
 c - 2 rations


   Skills:
 + Level 3.8 Fighting
 + Level 3.9 Short Blades
 + Level 3.0 Armour
 + Level 2.8 Dodging
 + Level 0.6 Stealth


You had 4 spell levels left.
You didn't know any spells.

Dungeon Overview and Level Annotations

Branches:
Dungeon (3/15)

Altars:


Message History

The gnoll misses you.
You hit the gnoll.
The gnoll looks as sick as possible!
The gnoll is heavily wounded.
The gnoll closely misses you.
You closely miss the gnoll.
The gnoll is heavily wounded.
You kill the gnoll!
Trog accepts your kill.
You start resting.
A hippogriff comes into view.
The hippogriff bites you! The hippogriff pecks you.
* * * LOW HITPOINT WARNING * * *
The hippogriff claws you.
* * * LOW HITPOINT WARNING * * *
It was a potion of curing.
You feel better. The hippogriff bites you!
* * * LOW HITPOINT WARNING * * *
The hippogriff pecks you.
* * * LOW HITPOINT WARNING * * *
The hippogriff claws you.
You die...

####.# .#! ....†### #.#
..# .......# #.# ##.##
.......# #.# #...#
##.##..# #.#.#...#
#.##..#####.#.#...#
#.##..........#†..###.####
#.##..#####.###...))......
#.###.# #..^..H@..#.#.####
#.###.###.#.###...#.#
#......(..#.# #####.#
#####..####†# .# ##.# #.#
.. #.# #.# ## #.# #.. #.#
#.# #.# #.#


You could see a hippogriff.

Vanquished Creatures
  A worker ant (D:2)
  4 gnolls
  2 adders (D:2)
  A dart slug (D:1)
  A leopard gecko (D:3)
  An orc (D:3)
  A ball python (D:1)
  3 bats
  3 giant cockroaches
  3 goblins
  3 hobgoblins (D:1)
  6 jackals (D:2)
  3 frilled lizards
  7 kobolds
  7 rats
46 creatures vanquished.

Vanquished Creatures (others)
  A bat (D:1)
1 creature vanquished.

Grand Total: 47 creatures vanquished

Notes
Turn   | Place    | Note
-------+----------+-------------------------------------------
     0 | D:1      | Kagorn the Human Berserker began the quest for the Orb.
     0 | D:1      | Reached XP level 1. HP: 18/18 MP: 1/1
   169 | D:1      | Reached XP level 2. HP: 24/24 MP: 2/2
   614 | D:1      | Reached XP level 3. HP: 6/29 MP: 3/3
  1562 | D:2      | Reached XP level 4. HP: 29/35 MP: 4/4
  1566 | D:2      | Reached ** piety under Trog
  2128 | D:3      | Reached XP level 5. HP: 30/42 MP: 5/5
  2270 | D:3      | Noticed a hippogriff
  2274 | D:3      | HP: 2/42 [hippogriff (2)]
  2274 | D:3      | Slain by a hippogriff

Skill      XL: |  1  2  3  4  5 |
---------------+----------------+-----
Armour         | 3 |  3.0
Fighting       | |  3.8
Short Blades   | |  3.9
Dodging        | |  2.8
Stealth        | |  0.6

Action                   |  1- 3 |  4- 6 || total
-------------------------+-------+-------++-------
Melee: Short sword       |    26 |       ||    26
       Dagger            |   117 |    75 ||   192
  Use: Scroll            |     6 |       ||     6
       Potion            |     1 |     1 ||     2
  Eat: Ration            |     1 |     1 ||     2
Armor: Leather armour    |    49 |    22 ||    71
Dodge: Dodged            |   131 |    62 ||   193
